 Dungeon Crawl Stone Soup version 0.29-a0-322-g68df515428 (webtiles) character file.

Game seed: 7240028799944576163

3643 Ijustatesigmund the Destroyer (level 10, 0/59 HPs)
             Began as a Tengu Fire Elementalist on Apr 7, 2022.
             Killed from afar by Erica (9 damage)
             ... with a bolt of poison
             ... on level 8 of the Dungeon.
             The game lasted 00:23:56 (11988 turns).

Ijustatesigmund the Destroyer (TeFE)               Turns: 11988, Time: 00:23:57

Health: 0/59       AC:  6    Str:  9    XL:     10   Next: 12%
Magic:  7/17       EV: 15    Int: 19    God:
Gold:   415        SH:  0    Dex: 15    Spells: 8/17 levels left

rFire   + . .      SeeInvis .   d - +2 morningstar
rCold   x . .      Faith    .   (no shield)
rNeg    . . .      Spirit   .   a - +0 robe
rPois   .          Reflect  .   (helmet restricted)
rElec   .          Harm     .   r - +1 cloak
rCorr   .          Rampage  .   t - +1 pair of gloves
Will    .....      Clarity  +   (boots unavailable)
Stlth   ++........              (no amulet)
HPRegen 0.19/turn               j - ring of fire
MPRegen 0.15/turn               (no ring)

@: lethally poisoned (0 -> -11), on blink cooldown, flying quickly and
evasively, quick
A: beak, talons 3, nimble flight, horns 1, clarity
a: no special abilities


You were on level 8 of the Dungeon.
You visited 1 branch of the dungeon, and saw 8 of its levels.

You collected 415 gold pieces.

Inventory:

Hand Weapons
 d - a +2 morningstar (weapon)
Armour
 a - a +0 robe (worn)
 r - a +1 cloak (worn)
 t - a +1 pair of gloves (worn)
Jewellery
 j - a ring of fire (left hand)
Wands
 k - a wand of iceblast (8)
 l - a wand of flame (40)
 n - a wand of polymorph (15)
 u - a wand of digging (6)
Scrolls
 e - 2 scrolls of magic mapping
 h - 2 scrolls of teleportation
 m - 2 scrolls of blinking
 y - a scroll of summoning
 z - a scroll of identify
Potions
 b - 2 potions of magic
 c - 3 potions of curing
 f - 2 potions of haste
 g - 2 potions of attraction
 i - a potion of mutation
 o - 4 potions of might
 p - a potion of lignification {unknown}
 q - 3 potions of heal wounds {unknown}
 s - a potion of ambrosia {unknown}
 v - a potion of cancellation {unknown}
 w - a potion of brilliance
 x - a potion of degeneration {unknown}


   Skills:
 - Level 5.5 Fighting
 + Level 3.8 Maces & Flails
 + Level 3.2 Dodging
 - Level 2.0 Stealth
 - Level 4.0 Spellcasting
 + Level 10.1 Conjurations
 - Level 3.0 Translocations
 + Level 9.1 Fire Magic


You had 8 spell levels left.
You knew the following spells:

 Your Spells              Type           Power      Damage    Failure   Level
a - Foxfire               Conj/Fire      100%       2x1d9     1%          1
b - Scorch                Fire           100%       2d10      1%          2
c - Flame Wave            Conj/Fire      57%        2d11      2%          4
d - Blink                 Tloc           30%        N/A       6%          2

Your spell library contained the following spells:

 Spells                   Type           Power      Damage    Failure   Level
 Conjure Flame            Conj/Fire      57%        6-21      1%          3
 Apportation              Tloc           30%        N/A       4%          1
 Dazzling Flash           Conj/Hex       46%        N/A       4%          3
 Inner Flame              Hex/Fire       31%        N/A       6%          3
 Lesser Beckoning         Tloc           15%        N/A       12%         3
 Animate Skeleton         Necr           6%         N/A       14%         1
 Summon Small Mammal      Summ           12%        N/A       14%         1
 Ozocubu's Armour         Ice            3%         N/A       38%         3
 Manifold Assault         Tloc           15%        N/A       73%         5
 Animate Dead             Necr           1%         N/A       80%         4
 Olgreb's Toxic Radiance  Pois           3%         N/A       80%         4
 Agony                    Necr           3%         N/A       98%         5
 Borgnjor's Vile Clutch   Necr/Erth      1%         N/A       98%         5
 Metabolic Englaciation   Hex/Ice        1%         N/A       98%         5
 Silence                  Hex/Air        1%         N/A       98%         5
 Death Channel            Necr           1%         N/A       100%        6
 Simulacrum               Ice/Necr       1%         N/A       100%        6
 Ozocubu's Refrigeration  Ice            1%         4d5       100%        7
 Ignition                 Fire           27%        3d9       100%        8


Dungeon Overview and Level Annotations

Branches:
Dungeon (8/15)             Temple (0/1) D:4            Lair (0/6) D:8

Altars:
Uskayaw
Zin
The Shining One

Shops:
D:1 (

Annotations:
D:3 1 runed translucent door, paps's ghost, weakling GrGl
D:8 Erica


Innate Abilities, Weirdness & Mutations

You have a beak for a mouth.
You have claws for feet.
Your magical nature lets you fly swiftly and evasively.
You have a pair of small horns on your head.
You possess an exceptional clarity of mind.


Message History

Press: ? - help, Shift-Dir - straight line, f - Erica
Aim: Erica, wielding a +4 scimitar of flaming and wearing a +0 robe (lightly wounded, more vulnerable to fire)
The mass of ice explodes!
The iceblast engulfs Erica!
Erica is heavily wounded.
You closely miss Erica. You claw Erica, but do no damage.
Erica is heavily wounded.
Erica hits you with a +4 scimitar of flaming!
You barely miss Erica. You claw Erica.
Erica is heavily wounded.
Erica barely misses you.
Erica hits you with a +4 scimitar of flaming!
Erica burns you.
Casting: Scorch (safe; 1% risk of failure)
Confirm with . or Enter, or press ? or * to list all spells.
You feel a surge of power!
Flames lash Erica.
Erica is burned terribly!
Erica is almost dead.
Erica casts a spell.
Erica flickers and vanishes!
Deactivating autopickup; reactivate with Ctrl-A.
Casting: Scorch (safe; 1% risk of failure)
Confirm with . or Enter, or press ? or * to list all spells.
You can't see any susceptible monsters within range! (Use Z to cast anyway.)
Casting: Scorch (safe; 1% risk of failure)
Confirm with . or Enter, or press ? or * to list all spells.
You feel a surge of power!
Flames lash something.
Something hits you! Something burns you.
You feel better. Something hits you!
You hit something. Your kick misses something. Your peck misses something.
Something hits you!!
* * * LOW HITPOINT WARNING * * *
Something burns you.
* * * LOW HITPOINT WARNING * * *
Casting: Scorch (safe; 1% risk of failure)
Confirm with . or Enter, or press ? or * to list all spells.
You blink.
You hear some strange, mumbled words.
A bolt of poison appears from out of thin air!
The bolt of poison hits you!
You are lethally poisoned!
You die...

..........#
#.........#
#.........#
#.........#
#.........#
#.
#.........#
#.#
#......{..#
#.#
#......ยง.@#
#.#
########.###
#.#
#...)....#
##.#
#.########
.#.####.#####
....)).<....#
...#######.##
...........#
...#########


There were no monsters in sight!

Vanquished Creatures
  Menkaure (D:6)
  Edmund (D:4)
  2 wargs (D:8)
  A water moccasin (D:7)
  3 black bears
  An ice beast (D:5)
  3 orc warriors
  A sky beast (D:6)
  3 ogres
  2 centaurs (D:6)
  A kobold brigand (D:7)
  A bullfrog (D:7)
  A necrophage (D:7)
  4 scorpions (D:6)
  6 wights
  A howler monkey (D:4)
  Crazy Yiuf (D:6)
  5 orc priests
  6 hounds
  A jelly (D:6)
  2 gnoll shamans
  4 iguanas
  10 orc wizards
  12 gnolls
  8 adders
  A shadow imp (D:6)
  3 white imps
  5 worms
  2 dart slugs
  26 orcs
  5 endoplasms
  11 giant cockroaches
  5 hobgoblins
  4 jackals (D:3)
  A quokka (D:3)
  9 ball pythons
  A bat (D:1)
  4 frilled lizards
  7 goblins
  10 kobolds
  4 rats
179 creatures vanquished.

Vanquished Creatures (collateral kills)
  A foxfire (D:1)
1 creature vanquished.

Vanquished Creatures (others)
  526 foxfires
  5 fungi
  2 plants (D:8)
533 creatures vanquished.

Grand Total: 713 creatures vanquished

Notes
Turn   | Place    | Note
-------+----------+-------------------------------------------
     0 | D:1      | Ijustatesigmund the Tengu Fire Elementalist began the quest
                  | for the Orb.
     0 | D:1      | Reached XP level 1. HP: 10/10 MP: 4/4
    28 | D:1      | Found Iffirutrur's Antique Weapon Boutique.
   754 | D:1      | Reached skill level 2 in Conjurations
   819 | D:1      | Reached XP level 2. HP: 15/15 MP: 3/6
   881 | D:1      | Learned a level 2 spell: Scorch
  2032 | D:2      | Reached skill level 3 in Conjurations
  2032 | D:2      | Reached XP level 3. HP: 19/19 MP: 1/7
  2755 | D:2      | Reached XP level 4. HP: 20/24 MP: 3/8
  2881 | D:2      | Found a glowing silver altar of Zin.
  3095 | D:2      | Found a faded altar of an unknown god.
  3440 | D:3      | Reached skill level 4 in Conjurations
  3480 | D:3      | Reached skill level 1 in Fighting
  3601 | D:3      | Found a runed translucent door.
  3602 | D:3      | Noticed paps's ghost (weakling GrGl)
  3656 | D:3      | Gained mutation: Your magical nature lets you fly swiftly
                  | and evasively. [Tengu growth]
  3656 | D:3      | Reached XP level 5. HP: 29/29 MP: 5/9
  4292 | D:4      | Reached skill level 5 in Fire Magic
  4550 | D:4      | Reached XP level 6. HP: 21/35 MP: 0/10
  5051 | D:4      | Noticed a black bear
  5057 | D:4      | Killed a black bear
  5058 | D:4      | Reached skill level 5 in Conjurations
  5227 | D:4      | Found a staircase to the Ecumenical Temple.
  5262 | D:4      | Learned a level 4 spell: Flame Wave
  5265 | D:4      | Learned a level 2 spell: Blink
  5323 | D:4      | Noticed Edmund
  5342 | D:4      | Gained mutation: You have a pair of small horns on your
                  | head. [potion of mutation]
  5342 | D:4      | Gained mutation: You possess an exceptional clarity of
                  | mind. [potion of mutation]
  5351 | D:4      | HP: 1/36 [poisoned by Edmund]
  5359 | D:4      | Killed Edmund
  5360 | D:4      | Reached XP level 7. HP: 14/40 MP: 6/11
  5837 | D:5      | Entered Level 5 of the Dungeon
  5845 | D:4      | Reached skill level 1 in Translocations
  6164 | D:4      | Reached skill level 6 in Conjurations
  6595 | D:5      | Found a hide-covered altar of Uskayaw.
  6781 | D:5      | Reached XP level 8. HP: 45/45 MP: 6/13
  7223 | D:6      | Found a glowing golden altar of the Shining One.
  7294 | D:6      | Reached skill level 7 in Conjurations
  7926 | D:6      | Noticed Menkaure
  7929 | D:6      | Killed Menkaure
  8105 | D:6      | Reached skill level 1 in Maces & Flails
  8259 | D:6      | Reached skill level 8 in Conjurations
  8259 | D:6      | Reached XP level 9. HP: 51/51 MP: 11/16
  9548 | D:6      | Found a runed translucent door.
  9549 | D:6      | Noticed Crazy Yiuf
  9556 | D:6      | Killed Crazy Yiuf
  9957 | D:7      | Reached skill level 9 in Conjurations
 10419 | D:7      | Reached skill level 5 in Fighting
 11182 | D:8      | Found a staircase to the Lair.
 11378 | D:8      | Reached XP level 10. HP: 40/59 MP: 14/17
 11598 | D:8      | Reached skill level 10 in Conjurations
 11975 | D:8      | Noticed Erica
 11988 | D:8      | Killed from afar by Erica

Illustrated notes

Levels and vault maps discovered:
D:1:      roderic_crop_circles_arrival_small, layout_basic, serial_shops,
          nicolae_shop_statue_plus, minmay_worlds_worst_comb
D:2:      layout_loops_ring, basic_altar, chequers_ecumenical_altar_grove,
          kennysheep_generic_room_4
D:3:      layout_loops_ring, ebering_ghost_inner_flame, minmay_misc_feat_alley,
          kennysheep_potato
D:4:      layout_basic, temple_fountains, hangedman_decor_slide_cut, uniq_edmund
D:5:      layout_rooms, nicolae_overflow_hidden_temple
D:6:      kennysheep_six_static_rooms, layout_rooms, mainiacjoe_overflow_paths,
          amcnicky_mini_corridor_feature, uniq_crazy_yiuf_cottage, uniq_menkaure
D:7:      layout_rooms, dreamdust_gnoll_farm
D:8:      layout_basic, erik_lair_orcish_takeover, uniq_erica

Skill      XL: |  1  2  3  4  5  6  7  8  9 10 |
---------------+-------------------------------+-----
Conjurations   | 2 3 4 5 6 8 9 10 | 10.1
Fire Magic     | 4 5 6 7 8 9 |  9.1
Fighting       | 1 2 3 5 |  5.5
Translocations | 2 3 |  3.0
Spellcasting   | 3 4 |  4.0
Maces & Flails | 1 3 |  3.8
Dodging        | 3 |  3.2
Stealth        | |  2.0

Action                   |  1- 3 |  4- 6 |  7- 9 | 10-12 || total
-------------------------+-------+-------+-------+-------++-------
Melee: Whip              |     3 |       |       |       ||     3
       Kick              |     1 |     2 |     3 |     7 ||    13
       Dagger            |       |     5 |       |       ||     5
       Peck              |       |     1 |     1 |     3 ||     5
       Flail             |       |       |     9 |       ||     9
       Morningstar       |       |       |       |    14 ||    14
       Headbutt          |       |       |       |     5 ||     5
 Cast: Foxfire           |    75 |    95 |   126 |    18 ||   314
       Scorch            |     1 |    15 |    83 |     9 ||   108
       Blink             |       |       |       |     1 ||     1
Evoke: Wand              |       |     3 |     7 |     1 ||    11
  Use: Scroll            |     5 |     8 |     5 |       ||    18
       Potion            |       |     6 |     2 |     1 ||     9
Armor: Robe              |     5 |     1 |    13 |       ||    19
Dodge: Dodged            |    20 |    16 |    62 |     7 ||   105

Table legend: (Time is in decaauts)
 A = Elapsed time spent in this place.
 B = Non-inter-level travel time spent in this place.
 C = Inter-level travel time spent in this place.
 D = Time resting spent in this place.
 E = Time spent auto-exploring this place.
 F = Levels seen in this place.
 G = Mean time per level.
                   A        B        C        D        E       F      G
               +--------+--------+--------+--------+--------+-----+--------+
         Total |  11715 |  11517 |    198 |   5031 |   5038 |   8 | 1464.4 |
       Dungeon |  11715 |  11517 |    198 |   5031 |   5038 |   8 | 1464.4 |
               +--------+--------+--------+--------+--------+-----+--------+

Top non-repeatable levels by time:
     D:4: 2378 daAuts
     D:6: 2071 daAuts
     D:1: 1691 daAuts
     D:2: 1479 daAuts
     D:7: 1328 daAuts
     D:3: 1010 daAuts
     D:5: 906 daAuts
     D:8: 848 daAuts
